 Dungeon Sprint DCSS version 0.30-a0-222-ge547ba4400 (webtiles) character file.

Game seed: 7067006342042018068

570 rocky1 the Spear-Bearer (level 7, -2/64 HPs)
             Began as a Demonspawn Gladiator on Oct 9, 2022.
             Was an Initiate of Qazlal.
             Slain by a polar bear (6 damage)
             ... in the Dungeon (Sprint II: "The Violet Keep of Menkaure").
             The game lasted 00:01:30 (143 turns).

rocky1 the Spear-Bearer (Demonspawn Gladiator)       Turns: 143, Time: 00:01:30

Health: -2/64      AC:  7    Str: 16    XL:     7   Next: 11%
Magic:  7/7        EV: 12    Int:  8    God:    Qazlal [......]
Gold:   243        SH:  4    Dex: 14    Spells: 6/6 levels left

rFire   . . .      SeeInvis .    a - +0 trident
rCold   . . .      Faith    .    (no shield)
rNeg    . . .      Spirit   .    b - +0 leather armour
rPois   .          Reflect  .    (helmet restricted)
rElec   .          Harm     .    (no cloak)
rCorr   .          Rampage  .    (no gloves)
Will    .....      NoTele   +    (no boots)
Stlth   +.........               (no amulet)
HPRegen 0.30/turn                (no ring)
MPRegen 0.10/turn                (no ring)

@: hasted, very quick
A: horns 1, demonic guardian 1, icemail 1, sturdy frame 1, condensation shield,
dopey 1
a: Renounce Religion


You were in the Dungeon.
You worshipped Qazlal.
Qazlal was noncommittal.
You visited 1 branch You collected 243 gold pieces.

Inventory:

Hand Weapons
 a - a +0 trident (weapon)
Missiles
 d - 3 throwing nets (quivered)
 e - a javelin
Armour
 b - a +0 leather armour (worn)
 c - a +0 helmet
Scrolls
 k - a scroll of blinking
Potions
 i - 2 potions of magic


   Skills:
 + Level 9.1 Fighting
 * Level 11.8 Polearms
 - Level 1.7 Throwing
 - Level 2.6 Dodging


You had 6 spell levels left.
You didn't know any spells.
Your spell library was empty.

Dungeon Overview and Level Annotations

Branches:
Dungeon (1/1)

Altars:
Cheibriados
Dithmenos
Fedhas
Gozag
Hepliaklqana
Kikubaaqudgha
Makhleb
Nemelex Xobeh
Okawaru
Qazlal
Ru
Sif Muna
Trog
Uskayaw
Vehumet
Wu Jian
Xom
Yredelemnul
Jiyva
Lugonu

Annotations:
D Menkaure


Innate Abilities, Weirdness & Mutations

You have a pair of small horns on your head.
A weak demonic guardian rushes to your aid.
A meltable icy envelope protects you from harm. (AC +4)
Your movements are slightly less encumbered by armour. (ER -2)
A meltable shield of frost defends you. (SH +4)
You are dopey. (Int -2)


Message History

There is a viscous altar of Jiyva here.
The walls and floor vibrate strangely for a moment.
There is a shadowy altar of Dithmenos here.
A hornet and a polar bear come into view.
The polar bear growls angrily.
You hear an angry growl.
A polar bear comes into view.
The hornet buzzes angrily.
A yaktaur comes into view.
A polar bear comes into view.
You close the door.
You start resting.
Menkaure shouts!
You feel yourself speed up.
Unknown command.
You puncture the polar bear! You headbutt the polar bear.
The polar bear is moderately wounded.
You hit the polar bear but do no damage.
The polar bear is moderately wounded.
You hit the polar bear but do no damage.
The polar bear is moderately wounded.
You hit the polar bear but do no damage.
You headbutt the polar bear.
The polar bear is heavily wounded.
The polar bear barely misses you. The polar bear claws you.
* * * LOW HITPOINT WARNING * * *
The polar bear claws you but does no damage.
The polar bear bites you!
* * * LOW HITPOINT WARNING * * *
A demonic guardian appears!
The polar bear claws you.
* * * LOW HITPOINT WARNING * * *
The polar bear claws you but does no damage.
Menkaure is engulfed in a cloud of scalding steam.
You hit the polar bear.
The polar bear is heavily wounded.
Unknown command.
You closely miss the polar bear.
The polar bear is heavily wounded.
The polar bear misses you.
The polar bear claws you but does no damage.
The polar bear barely misses you. The polar bear bites you.
You die...

...# ...# ##..## #..#
.#▓!??(??:$▓▓ #+###.##..# +..#
.#▓$!(($($!▓▓ #.##..##..# #..#
.#▓)?:$?!$$▓
.<.'.##'..####^.##.#▓$)$(?!?)
#.##.#.#....###§..##▓▓▓▓▓▓▓+▓▓
#+###.##......~5y~~~~~~~~~~..
###~~.....c#h########+###
#~§~~§§§§.h#@h..._..#§§~##
#~~§§§§~~M~#...._._.#§~§≈#
#~~§§§≈~~§~~#..._._._#S~~~≈#
M~~~§§≈≈§§~~~#.._._._.#S~~§§§
+++#~≈≈§≈≈§≈~#._._._._#~~~~~≈
##≈≈§###≈≈#_._._._.#~§~§≈S
#≈≈#._._._._#§~§≈§≈
#≈≈#_._._...#§≈≈§▓▓
≈≈≈≈##########~≈§§▓z


You could see 3 polar bears, a yaktaur, a hornet (ally target), Menkaure and a
friendly shadow imp (summoned).

Vanquished Creatures
  4 neqoxecs (D)
  A water moccasin (D)
5 creatures vanquished.

Notes
Turn   | Place    | Note
-------+----------+-------------------------------------------
     0 | D        | rocky1 the Demonspawn Gladiator began the quest for the
                  | Orb.
     0 | D        | Reached XP level 1. HP: 16/16 MP: 1/1
     1 | D        | Noticed a neqoxec
     1 | D        | Noticed a neqoxec
     1 | D        | Noticed a neqoxec
     1 | D        | Noticed a neqoxec
     1 | D        | Gained mutation: You are dopey. (Int -2) [a neqoxec]
     7 | D        | Killed a neqoxec
     8 | D        | Reached skill level 5 in Fighting
     8 | D        | Reached skill level 7 in Polearms
     8 | D        | Gained mutation: Your movements are slightly less
                  | encumbered by armour. (ER -2) [demonic ancestry]
     8 | D        | Reached XP level 2. HP: 28/28 MP: 2/2
     8 | D        | Reached XP level 3. HP: 34/34 MP: 3/3
     8 | D        | Gained mutation: You have a pair of small horns on your
                  | head. [demonic ancestry]
     8 | D        | Reached XP level 4. HP: 40/40 MP: 4/4
    15 | D        | Killed a neqoxec
    16 | D        | Reached skill level 9 in Polearms
    16 | D        | Gained mutation: A meltable shield of frost defends you.
                  | (SH +4) [demonic ancestry]
    16 | D        | Reached XP level 5. HP: 46/48 MP: 5/5
    17 | D        | Killed a neqoxec
    18 | D        | Reached skill level 10 in Polearms
    18 | D        | Gained mutation: A weak demonic guardian rushes to your
                  | aid. [demonic ancestry]
    18 | D        | Reached XP level 6. HP: 54/57 MP: 6/6
    22 | D        | Killed a neqoxec
    23 | D        | Reached skill level 11 in Polearms
    87 | D        | Noticed Menkaure
    88 | D        | Found a blossoming altar of Fedhas.
    90 | D        | Found a shadowy altar of Dithmenos.
    90 | D        | Found a corrupted altar of Lugonu.
    90 | D        | Found an opulent altar of Gozag.
    90 | D        | Found a burning altar of Makhleb.
    91 | D        | Found a snail-covered altar of Cheibriados.
    91 | D        | Found an ancient bone altar of Kikubaaqudgha.
    91 | D        | Found a bloodstained altar of Trog.
    91 | D        | Noticed a water moccasin
    92 | D        | Found a viscous altar of Jiyva.
    92 | D        | Found a shimmering blue altar of Sif Muna.
   109 | D        | Killed a water moccasin
   110 | D        | Gained mutation: A meltable icy envelope protects you from
                  | harm. (AC +4) [demonic ancestry]
   110 | D        | Reached XP level 7. HP: 33/64 MP: 7/7
   111 | D        | Found a hazy altar of Hepliaklqana.
   111 | D        | Found a sacrificial altar of Ru.
   112 | D        | Found a shimmering altar of Xom.
   113 | D        | Found a stormy altar of Qazlal.
   113 | D        | Found an ornate altar of the Wu Jian Council.
   113 | D        | Found a sparkling altar of Nemelex Xobeh.
   113 | D        | Found a hide-covered altar of Uskayaw.
   113 | D        | Found a basalt altar of Yredelemnul.
   114 | D        | Found a radiant altar of Vehumet.
   114 | D        | Found an iron altar of Okawaru.
   122 | D        | Noticed a flying skull
   122 | D        | Noticed a flying skull
   123 | D        | Became a worshipper of Qazlal Stormbringer
   129 | D        | Noticed a hornet
   129 | D        | Noticed a polar bear
   129 | D        | Noticed a polar bear
   130 | D        | Noticed a yaktaur
   130 | D        | Noticed a polar bear
   143 | D        | Slain by a polar bear

Illustrated notes

Levels and vault maps discovered:
D:        the_violet_keep_of_menkaure [sprint2_stairs_cluster_1,
          sprint2_shoproom, sprint2_temple, sprint2_basic_supplies,
          sprint2_obstacle_4, sprint2_obstacle_5, sprint2_obstacle_1,
          sprint2_obstacle_3, sprint2_obstacle_7, sprint2_timed_cluster_1,
          sprint2_smallroom_cluster_1, sprint2_smallroom_final_cluster_1,
          sprint2_transparent_cluster_1, sprint2_second_timed_cluster_1,
          sprint2_sniper_area_1, sprint2_heavy_combat_area_1,
          sprint2_mutation_trap_area_1, sprint2_forest_area_1,
          sprint2_light_combat_area_1, sprint2_behind_water_1,
          sprint2_near_end_vault_1]

Skill      XL: |  1  2  3  4  5  6 |
---------------+-------------------+-----
Fighting       | 5 7 8 9 |  9.1
Polearms       | 7 9 10 11 | 11.8
Throwing       | |  1.7
Dodging        | |  2.6

Action                   |  1- 3 |  4- 6 |  7- 9 || total
-------------------------+-------+-------+-------++-------
Melee: Trident           |     5 |    29 |     6 ||    40
       Headbutt          |       |     4 |     2 ||     6
  Use: Potion            |     1 |     2 |     1 ||     4
Armor: Leather armour    |       |     3 |     3 ||     6
Dodge: Dodged            |     3 |     6 |     3 ||    12
Block: Other             |       |     1 |       ||     1

Table legend: (Time is in decaauts)
 A = Elapsed time spent in this place.
 B = Non-inter-level travel time spent in this place.
 C = Inter-level travel time spent in this place.
 D = Time resting spent in this place.
 E = Time spent auto-exploring this place.
 F = Levels seen in this place.
 G = Mean time per level.
                   A        B        C        D        E       F      G
               +--------+--------+--------+--------+--------+-----+--------+
         Total |    140 |    140 |      0 |     70 |      0 |   1 |  140.0 |
       Dungeon |    140 |    140 |      0 |     70 |      0 |   1 |  140.0 |
               +--------+--------+--------+--------+--------+-----+--------+

Top non-repeatable levels by time:
       D: 140 daAuts
